 Dungeon Crawl Stone Soup version 0.31.0-32-g396128a36d (webtiles) character file.

Game seed: 2711886417472951832

4805 Fractals the Destroyer (level 10, -3/81 HPs)
             Began as a Green Draconian Conjurer on Mar 29, 2024.
             Was a Follower of Sif Muna.
             Slain by a small abomination (6 damage)
             ... on level 1 of the Abyss on Apr 3, 2024.
             The game lasted 00:33:28 (11722 turns).

Fractals the Destroyer (Green Draconian Conjurer)  Turns: 11722, Time: 00:33:29

Health: -3/81      AC: 10    Str: 10    XL:     10   Next: 24%
Magic:  20/20      EV: 13    Int: 19    God:    Sif Muna [*.....]
Gold:   458        SH:  0    Dex: 13    Spells: 14/23 levels left

rFire   . . .        C - +1 quick blade (venom)
rCold   . . .        (no shield)
rNeg    . . .        (body armour unavailable)
rPois   +            (helmet restricted)
rElec   .            f - +0 cloak
rCorr   .            D - +0 pair of gloves
SInv    .            k - +0 pair of boots
Will    .....        b - amulet of regeneration
Stlth   ++           (no ring)
HPRegen 1.13/turn    (no ring)
MPRegen 0.17/turn

%: no passive effects
@: about to teleport
A: breathe noxious fumes, AC +7, unfitting armour, poison resistance,
cold-blooded
a: Breathe Noxious Fumes, Renounce Religion, Channel Magic


You were on level 1 of the Abyss.
You worshipped Sif Muna.
Sif Muna was aware of your devotion.
You visited 3 branches of the dungeon, and saw 11 of its levels.
You visited the Abyss 1 time.
You also visited: Ossuary.

You collected 518 gold pieces.
You spent 60 gold pieces at shops.

Inventory:

Hand Weapons
 i - a +4 falchion
 C - a +1 quick blade of venom (weapon)
Armour
 f - a +0 cloak (worn)
 k - a +0 pair of boots (worn)
 D - a +0 pair of gloves (worn)
Jewellery
 b - an amulet of regeneration (around neck)
 c - an amulet of the acrobat
 d - an amulet of reflection
Wands
 r - a wand of mindburst (14)
 B - a wand of polymorph (14)
Scrolls
 n - a scroll of poison
 p - 2 scrolls of revelation
 q - 4 scrolls of teleportation
Potions
 a - 4 potions of magic
 e - 5 potions of lignification
 g - 5 potions of brilliance
 h - a potion of attraction
 l - a potion of cancellation
 m - 2 potions of enlightenment
 s - a potion of degeneration {unknown}
 t - a potion of might
 v - 2 potions of resistance
 w - 2 potions of heal wounds
 x - 2 potions of haste


   Skills:
 - Level 5.0 Fighting
 - Level 4.0 Dodging
 - Level 4.0 Stealth
 - Level 7.0 Spellcasting
 + Level 8.6 Conjurations
 + Level 4.9 Summonings
 - Level 5.0 Alchemy
 - Level 5.0 Invocations


You had 14 spell levels left.
You knew the following spells:

 Your Spells              Type           Power      Damage    Failure   Level
a - Magic Dart            Conj           100%       1d8       1%          1
b - Searing Ray           Conj           78%        2d7       1%          2
c - Fulminant Prism       Conj/Alch      16%        3d10      6%          4
d - Call Imp              Summ           50%        N/A       1%          2

Your spell library contained the following spells:

 Spells                   Type           Power      Damage    Failure   Level
 Apportation              Tloc           12%        N/A       10%         1
 Ensorcelled Hibernation  Hex/Ice        12%        N/A       16%         2
 Jinxbite                 Hex            12%        N/A       16%         2
 Sublimation of Blood     Necr           6%         N/A       16%         2
 Iskenderun's Mystic Bla  Conj/Tloc      22%        2d6       17%         4
 Passwall                 Erth           6%         N/A       30%         3
 Swiftness                Air            6%         N/A       30%         3
 Volatile Blastmotes      Fire/Tloc      12%        2d11      30%         3
 Alistair's Intoxication  Alch           16%        N/A       34%         5
 Summon Hydra             Summ           12%        N/A       100%        7


Dungeon Overview and Level Annotations

Branches:
Dungeon (9/15)             Temple (1/1) D:4            Lair (1/5) D:8
Ossuary (visited)
    Orc: D:9-12

Altars:
Ashenzari
Cheibriados
Dithmenos
Elyvilon
Fedhas
Gozag
Hepliaklqana
Kikubaaqudgha
Makhleb
Nemelex Xobeh
Okawaru
Qazlal
Ru
Sif Muna
Trog
Uskayaw
Vehumet
Wu Jian
Xom
Yredelemnul
Zin
The Shining One

Shops:
D:4 *   D:8 ?

Annotations:
D:4 1 runed translucent door, Tripartite's ghost, weakling MfDe
Lair:1 Sonja


Innate Abilities, Weirdness & Mutations

You can breathe blasts of noxious fumes.
Your lurid green scales are hard. (AC +7)
You cannot fit into any form of body armour.
Your system is resistant to poisons. (rPois)
You are cold-blooded and may be slowed by cold attacks.


Message History

You hold your ground!
The thrashing horror barely misses you.
The thrashing horror closely misses you.
You open the door.
The thrashing horror closely misses you.
The thrashing horror barely misses you.
The thrashing horror tramples you but does no damage.
The thrashing horror closely misses you.
There is an open door here.
The thrashing horror attacks as it pursues you!
The thrashing horror misses you. x2
The thrashing horror completely misses you.
The thrashing horror tramples you.
You hold your ground!
The thrashing horror tramples you!
You stumble backwards!
The thrashing horror misses you. The thrashing horror tramples you.
You hold your ground!
The thrashing horror tramples you!
You hold your ground!
The thrashing horror tramples you but does no damage.
As you read the scroll of teleportation, it crumbles to dust.
You feel strangely unstable.
You feel the power of the Abyss delaying your translocation!
The thrashing horror barely misses you. The thrashing horror misses you.
The small abomination attacks as it pursues you!
The small abomination misses you. The thrashing horror tramples you!
* * * LOW HITPOINT WARNING * * *
You hold your ground!
The thrashing horror tramples you!
* * * LOW HITPOINT WARNING * * *
You hold your ground!
The thrashing horror attacks as it pursues you!
The thrashing horror tramples you but does no damage.
The thrashing horror tramples you.
* * * LOW HITPOINT WARNING * * *
You stumble backwards!
The thrashing horror barely misses you. x2
You open the door. The thrashing horror barely misses you.
The thrashing horror tramples you.
* * * LOW HITPOINT WARNING * * *
You hold your ground!
The thrashing horror tramples you!
* * * LOW HITPOINT WARNING * * *
You hold your ground!
The thrashing horror barely misses you. The small abomination hits you.
You die...

.. .... ........#
#'###..##....#ยง.#
#.. #....#..# #..
#....#..#
#...........#
######......# #..
#......#
#...#xX....#
#...'@##...#
#...#.# ...# #..
#.. ...# #. #...
..# # #.... .#
#..... ##.....
.....#


You could see a thrashing horror and a small abomination.

Vanquished Creatures
  Pikel (D:8)
  A cane toad (D:8)
  Prince Ribbit (D:8)
  2 blink frogs (Lair:1)
  A wyvern (D:8)
  A steam dragon (D:8)
  4 water moccasins
  A black bear (D:6)
  A sky beast (D:8)
  2 orc warriors
  2 ice beasts
  A centaur (D:7)
  3 ogres
  3 lemures
  A kobold brigand (D:8)
  A bullfrog (D:8)
  2 scorpions
  11 wights
  5 killer bees
  A howler monkey (D:6)
  4 hounds
  A centaur zombie (Ossuary)
  A human zombie (Ossuary)
  4 bombardier beetles
  An orc priest (D:7)
  3 iguanas
  2 sleepcaps (D:5)
  6 orc wizards
  A mummy (Ossuary)
  3 gnolls (D:2)
  9 adders
  A shadow imp (D:5)
  A ribbon worm (D:2)
  4 dart slugs
  17 orcs
  5 bats
  5 endoplasms
  3 giant cockroaches
  6 goblins
  11 hobgoblins
  12 jackals
  10 kobolds
  5 quokkas
  3 ball pythons
  8 frilled lizards
  4 rats
175 creatures vanquished.

Vanquished Creatures (others)
  4 fulminant prisms
4 creatures vanquished.

Grand Total: 179 creatures vanquished

Notes
Turn   | Place    | Note
-------+----------+-------------------------------------------
     0 | D:1      | Fractals the Draconian Conjurer began the quest for the
                  | Orb.
     0 | D:1      | Reached XP level 1. HP: 14/14 MP: 3/3
   174 | D:1      | Reached skill level 1 in Fighting
   184 | D:1      | Reached XP level 2. HP: 23/23 MP: 3/5
   429 | D:1      | Reached XP level 3. HP: 29/29 MP: 6/6
   447 | D:1      | Learned a level 2 spell: Searing Ray
  1020 | D:2      | Reached XP level 4. HP: 36/36 MP: 4/7
  2314 | D:3      | Reached XP level 5. HP: 42/42 MP: 4/9
  2613 | D:4      | Reached skill level 5 in Conjurations
  2754 | D:4      | Found a staircase to the Ecumenical Temple.
  2770 | Temple   | Entered the Ecumenical Temple
  2784 | Temple   | Became a worshipper of Sif Muna the Loreminder
  2807 | D:4      | Found a runed translucent door.
  2811 | D:4      | Noticed Tripartite's ghost (weakling MfDe)
  2949 | D:4      | Found a sand-covered staircase.
  3003 | Ossuary  | Entered an ossuary
  3226 | Ossuary  | Reached XP level 6. HP: 50/51 MP: 2/10
  3505 | D:4      | Found Gejentiz's General Store.
  3771 | D:4      | Bought a scroll of teleportation for 30 gold pieces
  3771 | D:4      | Bought a potion of curing for 30 gold pieces
  4352 | D:5      | Entered Level 5 of the Dungeon
  4402 | D:5      | Noticed a water moccasin
  4421 | D:4      | Killed a water moccasin
  4422 | D:4      | Reached skill level 6 in Conjurations
  4679 | D:5      | Your scales start taking on a lurid green colour.
  4679 | D:5      | Reached XP level 7. HP: 57/57 MP: 7/13
  4679 | D:5      | Gained mutation: Your system is resistant to poisons.
                  | (rPois) [Green Draconian growth]
  4684 | D:5      | Learned a level 4 spell: Fulminant Prism
  5292 | D:5      | Reached skill level 1 in Alchemy
  5292 | D:5      | Reached skill level 1 in Invocations
  5745 | D:5      | Reached XP level 8. HP: 22/66 MP: 4/14
  6766 | D:6      | Found an opulent altar of Gozag.
  6854 | D:6      | Reached skill level 7 in Conjurations
  6961 | D:6      | Reached * piety under Sif Muna
  6962 | D:6      | Reached skill level 5 in Invocations
  7206 | D:6      | Reached skill level 5 in Spellcasting
  7892 | D:6      | Reached XP level 9. HP: 60/71 MP: 10/17
  8541 | D:7      | Found a hazy altar of Hepliaklqana.
  8628 | D:7      | Reached skill level 5 in Alchemy
  9376 | D:8      | Found a staircase to the Lair.
  9423 | D:8      | Reached skill level 8 in Conjurations
  9479 | D:8      | Learned a level 2 spell: Call Imp
  9580 | D:8      | Reached skill level 1 in Summonings
  9811 | D:8      | Found Neas's Magic Scroll Boutique.
 10438 | D:9      | Noticed Pikel
 10467 | D:8      | Killed Pikel
 10468 | D:8      | Reached skill level 5 in Fighting
 10468 | D:8      | Reached XP level 10. HP: 77/81 MP: 4/20
 10676 | Lair:1   | Entered Level 1 of the Lair of Beasts
 10921 | Lair:1   | Noticed Prince Ribbit
 10944 | D:8      | Killed Prince Ribbit
 11350 | Lair:1   | Noticed a cane toad
 11354 | Lair:1   | Noticed Sonja
 11373 | D:8      | Killed a cane toad
 11630 | Abyss:1  | Cast into level 1 of the Abyss (Sonja)
 11635 | Abyss:1  | Found a corrupted altar of Lugonu.
 11641 | Abyss:1  | Found a corrupted altar of Lugonu.
 11674 | Abyss:1  | Noticed a large abomination
 11688 | Abyss:1  | Noticed a green death
 11704 | Abyss:1  | Noticed a thrashing horror
 11722 | Abyss:1  | HP: 3/81 [thrashing horror (12)]
 11722 | Abyss:1  | Slain by a small abomination

Illustrated notes

Levels and vault maps discovered:
D:1:      enne_arrival_octagon_isle, layout_rooms, minivault_24,
          minmay_misc_feat_nine_boxes, chequers_serial_rivers_micro_b,
          minmay_misc_feat_four_crosses, minmay_box_of_dots
D:2:      layout_loops_ring
D:3:      layout_basic, grunt_ministairs_12
D:4:      layout_gridville, minmay_temple_entry_sparse_star, serial_shops,
          nicolae_stop_n_shop_1, ebering_ghost_sewer_d,
          lightli_ossuary_entry_decrepit_ruins, nicolae_eternal_life
D:5:      layout_rooms
D:6:      layout_basic, marbit_many_paths
D:7:      layout_rooms, mainiacjoe_overflow_surrounded_room
D:8:      layout_gridville, lair_entry_dummy, serial_shops, shop,
          lemuel_flame_loot_1
D:9:      layout_basic, david_orc_5, serial_shops, shop,
          ebering_ghost_reflecting_pool, uniq_pikel
Temple:   nicolae_temple_slightly_damp_pantheon
Lair:1:   layout_loops_ring, uniq_sonja, uniq_gastronok, uniq_amaemon,
          uniq_prince_ribbit2
Abyss:1:  base:
D:15

Skill      XL: |  1  2  3  4  5  6  7  8  9 10 |
---------------+-------------------------------+-----
Stealth        | 2 3 4 |  4.0
Fighting       | 1 2 3 4 5 |  5.0
Spellcasting   | 3 4 5 7 |  7.0
Dodging        | 2 3 4 |  4.0
Conjurations   | 5 6 7 8 |  8.6
Alchemy        | 2 4 5 |  5.0
Invocations    | 2 5 |  5.0
Summonings     | 3 4 |  4.9

Action                     |  1- 3 |  4- 6 |  7- 9 | 10-12 || total
---------------------------+-------+-------+-------+-------++-------
  Melee: Short sword       |    81 |   178 |    28 |       ||   287
         Tailslap          |     9 |    18 |    58 |     9 ||    94
         Punch             |     1 |     3 |     4 |       ||     8
         Quick blade       |       |       |   428 |    43 ||   471
   Cast: Magic Dart        |    20 |    17 |    21 |     1 ||    59
         Searing Ray       |     3 |    21 |    51 |     3 ||    78
         Fulminant Prism   |       |       |     4 |       ||     4
         Call Imp          |       |       |       |     4 ||     4
Ability: Breathe Noxious F |       |       |     3 |       ||     3
    Use: Scroll            |       |     7 |    10 |     7 ||    24
         Potion            |       |     3 |     4 |       ||     7
   Stab: Sleeping          |     4 |     7 |     4 |       ||    15
         Distracted        |     1 |       |       |       ||     1
         Confused          |       |       |     1 |       ||     1
 Armour: Skin              |    37 |   104 |   266 |    51 ||   458
  Dodge: Dodged            |    44 |   125 |   317 |    47 ||   533
